 Dungeon Crawl Stone Soup version 0.29-a0-872-g797fff5ad1 (webtiles) character file.

Game seed: 2117466945133840755

62 hquester1 the Shield-Bearer (level 3, -3/33 HPs)
             Began as a Minotaur Fighter on July 18, 2022.
             Slain by a gnoll
             ... wielding a +0 whip
              (4 damage)
             ... on level 2 of the Dungeon.
             The game lasted 00:02:56 (1796 turns).

hquester1 the Shield-Bearer (Minotaur Fighter)      Turns: 1796, Time: 00:02:56

Health: -3/33      AC:  9    Str: 22    XL:     3   Next: 85%
Magic:  2/2        EV:  7    Int:  5    God:
Gold:   61         SH:  4    Dex:  9    Spells: 2/2 levels left

rFire   . . .      SeeInvis .   a - +0 war axe
rCold   . . .      Faith    .   c - +0 buckler
rNeg    . . .      Spirit   .   l - +0 chain mail
rPois   .          Reflect  .   (helmet restricted)
rElec   .          Harm     .   (no cloak)
rCorr   .          Rampage  .   (no gloves)
Will    .....                   (no boots)
Stlth   ..........              (no amulet)
HPRegen 0.11/turn               (no ring)
MPRegen 0.08/turn               (no ring)

@: no status effects
A: horns 2, retaliatory headbutt
a: no special abilities


You were on level 2 of the Dungeon.
You visited 1 branch of the dungeon, and saw 2 of its levels.

You collected 61 gold pieces.

Inventory:

Hand Weapons
 a - a +0 war axe (weapon)
 k - a +2 whip of draining
Armour
 c - a +0 buckler (worn)
 l - a +0 chain mail (worn)
Scrolls
 j - a scroll of blinking {unknown}
Potions
 d - a potion of might
 e - a potion of flight {unknown}
 g - a potion of curing {unknown}
 h - a potion of mutation {unknown}
 i - a potion of attraction {unknown}


   Skills:
 + Level 4.1 Fighting
 + Level 3.0 Axes
 + Level 4.1 Armour
 + Level 1.1 Dodging
 + Level 1.0 Stealth
 + Level 4.1 Shields


You had 2 spell levels left.
You didn't know any spells.
Your spell library was empty.

Dungeon Overview and Level Annotations

Branches:
Dungeon (2/15)

Altars:


Innate Abilities, Weirdness & Mutations

You have a pair of horns on your head.
You reflexively headbutt those who attack you in melee.


Message History

The gnoll shouts!
The gnoll hits you from afar with a +0 spear.
The gnoll hits you with a +0 flail. The gnoll hits you with a +0 spear.
You barely miss the gnoll.
You headbutt the gnoll, but do no damage.
You closely miss the gnoll. The gnoll hits you with a +0 flail.
The gnoll hits you with a +0 spear.
The gnoll hits you but does no damage. x2
A dart slug comes into view.
You hit the gnoll.
The gnoll is moderately wounded.
You barely miss the gnoll. The gnoll barely misses you.
The gnoll hits you but does no damage.
You closely miss the gnoll.
The gnoll is moderately wounded.
You closely miss the gnoll. The gnoll closely misses you.
The gnoll hits you but does no damage.
You barely miss the gnoll.
The gnoll is moderately wounded.
You closely miss the gnoll. x2; The gnoll completely misses you.
You furiously retaliate!
You headbutt the gnoll. The gnoll hits you with a +0 whip.
The gnoll hits you with a +0 spear. The gnoll hits you with a +0 whip.
* * * LOW HITPOINT WARNING * * *
The gnoll hits you but does no damage. x2
You closely miss the gnoll.
The gnoll is moderately wounded.
You barely miss the gnoll. You slash the gnoll!
The gnoll hits you with a +0 flail.
* * * LOW HITPOINT WARNING * * *
The gnoll closely misses you. You furiously retaliate!
You headbutt the gnoll!
You kill the gnoll!
The gnoll hits you but does no damage.
Your life force feels restored.
Your Stealth skill increases to level 1!
You hit the gnoll.
The gnoll is severely wounded.
You closely miss the gnoll. The gnoll hits you with a +0 flail.
* * * LOW HITPOINT WARNING * * *
The gnoll hits you with a +0 whip.
You die...

....... #### .......
#... .......#########
#... .w...........#
#... ............#
#... #..........# #...
#.)g..>....# #...
.###..@g.....=# #...
...............###
#...
.....#..$........#
#### ....
########....# ...
#....# #+ #..†.#######
##########)...#......
##........#....#......
#..............#[.....


You could see 2 gnolls and a dart slug.

Vanquished Creatures
  A gnoll (D:2)
  2 dart slugs (D:1)
  5 endoplasms
  2 giant cockroaches (D:1)
  6 goblins (D:1)
  4 hobgoblins
  4 jackals (D:1)
  4 kobolds
  2 quokkas (D:1)
  2 ball pythons
  4 bats
  2 frilled lizards (D:1)
  4 rats
42 creatures vanquished.

Notes
Turn   | Place    | Note
-------+----------+-------------------------------------------
     0 | D:1      | hquester1 the Minotaur Fighter began the quest for the Orb.
     0 | D:1      | Reached XP level 1. HP: 19/19 MP: 0/0
    10 | D:1      | Found a faded altar of an unknown god.
   318 | D:1      | Reached XP level 2. HP: 27/27 MP: 1/1
   616 | D:1      | Reached XP level 3. HP: 30/33 MP: 2/2
  1497 | D:2      | Reached skill level 1 in Dodging
  1796 | D:2      | Reached skill level 1 in Stealth
  1796 | D:2      | HP: 1/33 [gnoll/+0 flail (5)]
  1796 | D:2      | Slain by a gnoll

Illustrated notes

Levels and vault maps discovered:
D:1:      amcnicky_arrival_blooded_trapdoor, layout_loops_corners,
          ebering_ecumenical_altar_webs
D:2:      layout_basic, serial_rivers, chequers_serial_rivers_micro_e,
          chequers_serial_rivers_room_b, chequers_serial_rivers_micro_b,
          chequers_serial_rivers_room_a

Skill      XL: |  1  2  3 |
---------------+----------+-----
Shields        | 4 |  4.1
Armour         | 4 |  4.1
Fighting       | 4 |  4.1
Axes           | 3 |  3.0
Dodging        | 1 |  1.1
Stealth        | 1 |  1.0

Action                   || total
-------------------------++-------
Melee: War axe           ||   103
       Headbutt          ||    12
Armor: Scale mail        ||    56
       Chain mail        ||     7
Dodge: Dodged            ||    57
Block: Buckler           ||    15

Table legend: (Time is in decaauts)
 A = Elapsed time spent in this place.
 B = Non-inter-level travel time spent in this place.
 C = Inter-level travel time spent in this place.
 D = Time resting spent in this place.
 E = Time spent auto-exploring this place.
 F = Levels seen in this place.
 G = Mean time per level.
                   A        B        C        D        E       F      G
               +--------+--------+--------+--------+--------+-----+--------+
         Total |   1835 |   1798 |     37 |      0 |   1472 |   2 |  917.5 |
       Dungeon |   1835 |   1798 |     37 |      0 |   1472 |   2 |  917.5 |
               +--------+--------+--------+--------+--------+-----+--------+

Top non-repeatable levels by time:
     D:1: 1378 daAuts
     D:2: 457 daAuts
